 Seeded DCSS version 0.30.1-11-g7821555f0a (webtiles) character file.

Game seed: 5129858224507802926 (custom seed)

757 Psyclone the Destroyer (level 7, -5/36 HPs)
             Began as a Deep Elf Conjurer on Nov 8, 2023.
             Slain by a redback (11 damage)
             ... on level 5 of the Dungeon.
             The game lasted 00:00:59 (1157 turns).

Psyclone the Destroyer (Deep Elf Conjurer)          Turns: 1157, Time: 00:01:00

Health: -5/36      AC:  4    Str:  3    XL:     7   Next: 50%
Magic:  0/19       EV: 12    Int: 29    God:
Gold:   73         SH:  0    Dex: 12    Spells: 9/20 levels left

rFire   . . .        (no weapon)
rCold   . . .        (no shield)
rNeg    . . .        a - +0 robe
rPois   .            (no helmet)
rElec   .            (no cloak)
rCorr   .            (no gloves)
SInv    .            (no boots)
Will    .....        (no amulet)
Stlth   ++           (no ring)
HPRegen 0.26/turn    (no ring)
MPRegen 0.16/turn

%: clarity
@: lethally poisoned (-5 -> -9), unable to read
A: iridescent scales 1, clarity, clever 1, evolution 1, inability to read after
injury 1, sturdy frame 1
a: no special abilities


You were on level 5 of the Dungeon.
You visited 1 branch of the dungeon, and saw 5 of its levels.

You collected 73 gold pieces.

Inventory:

Armour
 a - a +0 robe (worn)
Scrolls
 d - a scroll of amnesia {unknown}
 e - a scroll of magic mapping {unknown}
 f - 3 scrolls of fear {unknown}
Potions
 b - a potion of magic
 c - 2 potions of mutation
 g - a potion of flight {unknown}


   Skills:
 - Level 2.4 Dodging
 - Level 2.4 Stealth
 + Level 7.0 Spellcasting
 * Level 8.7 Conjurations


You had 9 spell levels left.
You knew the following spells:

 Your Spells              Type           Power      Damage    Failure   Level
a - Magic Dart            Conj           100%       1d8       1%          1
b - Searing Ray           Conj           100%       2d8       1%          2
d - Fulminant Prism       Conj/Hex       17%        3d10      9%          4
e - Iskenderun's Mystic   Conj/Tloc      35%        2d8       9%          4

Your spell library contained the following spells:

 Spells                   Type           Power      Damage    Failure   Level
 Dazzling Flash           Conj/Hex       70%        N/A       2%          3


Dungeon Overview and Level Annotations

Branches:
Dungeon (5/15) Zot: 26855
 Temple: D:4-7

Altars:

Shops:
D:2 =![

Annotations:
D:5 2 runed translucent doors


Innate Abilities, Weirdness & Mutations

You are partially covered in iridescent scales. (AC +2)
You possess an exceptional clarity of mind.
Your mind is acute. (Int +4, Str/Dex -1)
You have hidden genetic potential.
You occasionally lose the ability to read scrolls when taking damage.
Your movements are slightly less encumbered by armour. (ER -2)


Message History

The water moccasin attacks as you move away!
The water moccasin bites you. x2
You take 9 damage, and have 16/36 hp.
MASSIVE DAMAGE!!
The water moccasin attacks as you move away!
The water moccasin bites you.
You feel threatened and lose the ability to read scrolls!
You take 5 damage, and have 12/36 hp.
The water moccasin bites you.
* * * LOW HITPOINT WARNING * * *
You are poisoned.
The water moccasin poisons you!
You take 2 damage, and have 10/36 hp.
The water moccasin attacks as you move away!
The water moccasin bites you but does no damage.
* * * LOW HITPOINT WARNING * * *
You feel sick.
The killer bee buzzes angrily.
You hear an angry buzzing noise.
You take 2 damage, and have 8/36 hp.
Casting: Fulminant Prism (quite dangerous; 9% risk of failure)
Confirm with . or Enter, or press ? or * to list all spells.
Aiming: Searing Ray (safe; 1% risk of failure)
Press: ? - help, Shift-Dir - straight line, f - water moccasin
Aim: a water moccasin (heavily wounded, 72% to hit)
The searing ray hits the water moccasin.
The water moccasin is severely wounded.
The searing ray hits the redback.
The redback is lightly wounded. (Press . to maintain the ray.)
* * * LOW HITPOINT WARNING * * *
You feel sick. The water moccasin closely misses you.
The water moccasin bites you but does no damage.
You take 1 damage, and have 7/36 hp.
You now have 1/19 mp.
The searing ray hits the water moccasin!
You kill the water moccasin!
The searing ray hits the redback!
The redback is heavily wounded.
You can read scrolls again.
You feel sick. The redback bites you!
You feel threatened and lose the ability to read scrolls!
You die...

## #..#+#..# ####
#.##.##.# ...##..#..
#..# ##....#
y.y##..### #
#....##...yy##.....#
#...##yy...yy##..#.
#..##+##yyy##+##..
#..#...#####...#.#
##.#....#!#....#@#
#.#....#$#...s#s#
#.#..S.''sss.s#.#
#.##..s#s#S..##.#
#..###s#.#.###..#.#
##...###.###......#
###......††....###
##.........###
###########


You could see a redback and 5 killer bees.

Vanquished Creatures
  Eustachio (D:4)
  A redback (D:5)
  3 water moccasins (D:5)
  2 orc priests
  An iguana (D:4)
  2 orc wizards
  7 gnolls
  3 adders (D:5)
  A worm (D:2)
  A dart slug (D:2)
  8 orcs
  A bat (D:2)
  3 endoplasms
  3 goblins
  4 hobgoblins
  A quokka (D:2)
  3 ball pythons
  2 kobolds
  A rat (D:1)
48 creatures vanquished.

Vanquished Creatures (others)
  A fulminant prism (D:5)
1 creature vanquished.

Grand Total: 49 creatures vanquished

Notes
Turn   | Place    | Note
-------+----------+-------------------------------------------
     0 | D:1      | Psyclone the Deep Elf Conjurer began the quest for the Orb.
     0 | D:1      | Reached XP level 1. HP: 10/10 MP: 6/6
    80 | D:2      | Found Zutuxkoi's Jewellery Shop.
    83 | D:2      | Reached XP level 2. HP: 15/15 MP: 4/8
   100 | D:2      | Learned a level 2 spell: Searing Ray
   149 | D:2      | Gained mutation: You possess an exceptional clarity of
                  | mind. [potion of mutation]
   149 | D:2      | Gained mutation: Your movements are slightly less
                  | encumbered by armour. (ER -2) [potion of mutation]
   149 | D:2      | Gained mutation: You have hidden genetic potential. [potion
                  | of mutation]
   287 | D:2      | Found Tatheism's Distillery.
   295 | D:2      | Reached skill level 5 in Conjurations
   345 | D:2      | Found Xoolosaxt's Antique Armour Shop.
   438 | D:2      | Reached XP level 3. HP: 19/19 MP: 6/10
   451 | D:2      | Gained mutation: You are robust. (+10% HP) [hidden
                  | potential]
   621 | D:3      | Reached XP level 4. HP: 7/26 MP: 7/12
   622 | D:3      | Reached skill level 6 in Conjurations
   634 | D:3      | Gained mutation: You have great hidden genetic potential.
                  | [hidden potential]
   634 | D:3      | Lost mutation: You have great hidden genetic potential.
                  | [hidden potential expressed]
   811 | D:4      | Reached XP level 5. HP: 16/30 MP: 8/14
   813 | D:4      | Reached skill level 5 in Spellcasting
   823 | D:4      | Gained mutation: Your mind is acute. (Int +4, Str/Dex -1)
                  | [hidden potential]
   895 | D:4      | Noticed Eustachio
   910 | D:4      | Killed Eustachio
   911 | D:4      | Reached skill level 7 in Conjurations
   911 | D:4      | Reached XP level 6. HP: 33/35 MP: 5/16
   913 | D:4      | Gained mutation: Your mind is very acute. (Int +8, Str/Dex
                  | -2) [hidden potential]
   913 | D:4      | Lost mutation: You have hidden genetic potential. [hidden
                  | potential expressed]
   941 | D:4      | Lost mutation: You possess an exceptional clarity of mind.
                  | [potion of mutation]
   941 | D:4      | Lost mutation: Your mind is very acute. (Int +8, Str/Dex
                  | -2) [potion of mutation]
   941 | D:4      | Lost mutation: You are robust. (+10% HP) [potion of
                  | mutation]
   941 | D:4      | Gained mutation: You occasionally lose the ability to read
                  | scrolls when taking damage. [potion of mutation]
   941 | D:4      | Gained mutation: You are partially covered in iridescent
                  | scales. (AC +2) [potion of mutation]
   941 | D:4      | Gained mutation: You possess an exceptional clarity of
                  | mind. [potion of mutation]
   941 | D:4      | Gained mutation: You have hidden genetic potential. [potion
                  | of mutation]
  1013 | D:5      | Entered Level 5 of the Dungeon
  1014 | D:5      | Found the +9 staff of Olgreb {rPois∞}
  1020 | D:5      | Noticed a water moccasin
  1023 | D:5      | Killed a water moccasin
  1111 | D:5      | Noticed a water moccasin
  1112 | D:5      | Found a runed translucent gate.
  1112 | D:5      | Found a runed translucent gate.
  1112 | D:5      | Noticed a water moccasin
  1113 | D:5      | Found a runed translucent door.
  1126 | D:5      | Learned a level 4 spell: Fulminant Prism
  1131 | D:5      | Learned a level 4 spell: Iskenderun's Mystic Blast
  1133 | D:5      | Found a runed translucent gate.
  1135 | D:5      | Found a runed translucent door.
  1135 | D:5      | Noticed a redback
  1136 | D:5      | Noticed a redback
  1143 | D:5      | Killed a redback
  1144 | D:5      | Reached skill level 8 in Conjurations
  1144 | D:5      | Reached XP level 7. HP: 23/36 MP: 5/18
  1144 | D:5      | Noticed a redback
  1157 | D:5      | Slain by a redback

Illustrated notes

Levels and vault maps discovered:
D:1:      saegor_arrival_simple_c, layout_rooms, serial_shops, shop,
          kennysheep_nondescript, minmay_misc_feat_ornament
D:2:      layout_basic, serial_shops, nicolae_shop_tiny_statue_garden,
          nicolae_shop_scrapyard, shop, shop
D:3:      layout_loops_ring
D:4:      layout_rooms, elyvilon_altar_1, minmay_temple_entry_trees,
          uniq_eustachio
D:5:      minmay_chambers_of_threes, layout_loops_ring,
          mainiacjoe_overflow_small_starburst,
          minmay_guarded_unrand_staff_of_olgreb

Skill      XL: |  1  2  3  4  5  6  7 |
---------------+----------------------+-----
Conjurations   | 5 6 7 8 |  8.7
Spellcasting   | 4 5 6 7 |  7.0
Dodging        | |  2.4
Stealth        | |  2.4

Action                     |  1- 3 |  4- 6 |  7- 9 || total
---------------------------+-------+-------+-------++-------
   Cast: Magic Dart        |    16 |     6 |       ||    22
         Searing Ray       |     9 |    14 |     1 ||    24
         Iskenderun's Myst |       |     3 |       ||     3
         Fulminant Prism   |       |       |     1 ||     1
    Use: Potion            |     1 |     1 |       ||     2
 Armour: Robe              |       |     1 |     4 ||     5
  Dodge: Dodged            |     1 |     3 |     6 ||    10
